 Dungeon Crawl Stone Soup version 0.24.0-123-gd5b16e6ec5 (webtiles) character file.

Game seed: 4721214120222334711, levelgen mode: deterministic

58 FishyPogo the Covered (level 3, 0/29 HPs)
             Began as a Demonspawn Fighter on Feb 4, 2020.
             Succumbed to an adder's poison
             ... on level 3 of the Dungeon.
             The game lasted 00:02:25 (728 turns).

FishyPogo the Covered (Demonspawn Fighter)           Turns: 728, Time: 00:02:25

Health: 0/29       AC:  6    Str: 15    XL:     3   Next: 76%
Magic:  2/2        EV:  6    Int: 14    God:
Gold:   56         SH:  8    Dex: 12    Spells: 2/2 levels left

rFire    . . .     SeeInvis .   a - +0 war axe
rCold    . . .     Gourm    .   c - +0 shield
rNeg     . . .     Faith    .   b - +0 scale mail
rPois    .         Spirit   .   (helmet restricted)
rElec    .         Reflect  .   (no cloak)
rCorr    .         Harm     .   (no gloves)
MR       .....                  (no boots)
Stlth    ..........             (no amulet)
HPRegen  0.09/turn              (no ring)
MPRegen  0.08/turn              (no ring)

@: brilliant, lethally poisoned (0 -> -15), hasted, very quick
A: horns 1, demonic guardian 1, low mp 1, weak 1
a: no special abilities


You were on level 3 of the Dungeon.
You were not hungry.

You visited 1 branch of the dungeon, and saw 3 of its levels.

You collected 56 gold pieces.

Inventory:

Hand Weapons
 a - a +0 war axe (weapon)
Missiles
 e - 37 stones (quivered)
 k - 2 boomerangs of dispersal
Armour
 b - a +0 scale mail (worn)
 c - a +0 shield (worn)
 h - a +0 helmet
Scrolls
 i - 2 scrolls of identify {unknown}
 n - a scroll of fear {unknown}
Potions
 d - 2 potions of might
 g - a potion of brilliance
 j - a potion of mutation
Comestibles
 f - 3 rations
 m - 6 chunks of flesh


   Skills:
 + Level 3.3 Fighting
 + Level 2.2 Axes
 + Level 0.9 Throwing
 * Level 3.3 Armour
 + Level 3.0 Shields


You had 2 spell levels left.
You didn't know any spells.
Your spell library was empty.

Dungeon Overview and Level Annotations

Branches:
Dungeon (3/15)

Altars:

Annotations:
D:3 1 runed translucent door, Xerdoz's ghost, amateur OpTm


Innate Abilities, Weirdness & Mutations

A weak demonic guardian rushes to your aid.
You have a pair of small horns on your head.
Your magical capacity is low. (-10% MP)
You are weak. (Str -2)


Message History

You are lethally poisoned!
The adder poisons you! The adder bites you.
You are more poisoned.
The adder poisons you!
It was a potion of brilliance.
You feel clever all of a sudden.
You feel sick. The adder bites you but does no damage.
You miss the adder.
The adder is lightly wounded.
* * * LOW HITPOINT WARNING * * *
You feel sick. The adder bites you.
* * * LOW HITPOINT WARNING * * *
You block the adder's attack.
It was a potion of mutation.
You feel extremely strange.
You feel weaker.
You feel less energetic. A pair of horns grows on your head!
Your +0 helmet falls away!
* * * LOW HITPOINT WARNING * * *
You feel sick. The adder bites you but does no damage.
It was a potion of haste.
You feel yourself speed up.
You die...

##.#### .# ......# .#
##....# .# #....# ##.#
#..>.# ##..#
##....##########...####
.......)..............+
.....###########...####
##..## #.@..# ##..#
#S#### ....# #. ##.##
#. #.# #( #.# #. #.# #.
##.# #> ...#


You could see an adder.

Vanquished Creatures
  A crimson imp (D:3)
  A gnoll (D:2)
  A dart slug (D:2)
  A leopard gecko (D:1)
  An orc (D:3)
  3 bats
  A giant cockroach (D:2)
  5 hobgoblins
  2 ball pythons
  2 frilled lizards
  2 goblins
  4 kobolds
  4 rats
28 creatures vanquished.

Vanquished Creatures (others)
  A withered plant (D:3)
1 creature vanquished.

Grand Total: 29 creatures vanquished

Notes
Turn   | Place    | Note
-------+----------+-------------------------------------------
     0 | D:1      | FishyPogo the Demonspawn Fighter began the quest for the
                  | Orb.
     0 | D:1      | Reached XP level 1. HP: 18/18 MP: 1/1
   171 | D:1      | Gained mutation: A weak demonic guardian rushes to your
                  | aid. [demonic ancestry]
   171 | D:1      | Reached XP level 2. HP: 24/24 MP: 2/2
   332 | D:2      | Reached XP level 3. HP: 26/29 MP: 3/3
   424 | D:3      | Found a runed translucent door.
   425 | D:3      | Noticed Xerdoz's ghost (amateur OpTm)
   727 | D:3      | Gained mutation: You are weak. (Str -2) [potion of
                  | mutation]
   727 | D:3      | Gained mutation: Your magical capacity is low. (-10% MP)
                  | [potion of mutation]
   727 | D:3      | Gained mutation: You have a pair of small horns on your
                  | head. [potion of mutation]
   727 | D:3      | HP: 1/29 [poisoned by an adder]
   728 | D:3      | Succumbed to an adder's poison

Levels and vault maps discovered:
D:1:      minmay_arrival_checkered_box, layout_rooms, serial_forest,
          infiniplex_forest_clump_curved, infiniplex_forest_lined_1,
          infiniplex_forest_clump_long, infiniplex_forest_lined_room_3,
          infiniplex_forest_corner_2, infiniplex_forest_join,
          infiniplex_forest_clump_double, infiniplex_forest_corner_1,
          infiniplex_forest_lined_ring, chequers_serial_rivers_room_a,
          chequers_serial_rivers_micro_e
D:2:      layout_loops_ring, moated_statue
D:3:      layout_loops_corners, gammafunk_ghost_grave, minivault_24

Skill      XL: |  1  2  3 |
---------------+----------+-----
Armour         | 3 |  3.3
Axes           | 2 |  2.2
Shields        | 3 |  3.0
Fighting       | |  3.3
Throwing       | |  0.9

Action                   || total
-------------------------++-------
Melee: War axe           ||   107
Throw: Stone             ||     8
  Use: Potion            ||     3
Armor: Scale mail        ||    56
Dodge: Dodged            ||    37
Block: Shield            ||    52
